SL
D.C. DIVIDED @ FT. WORTH CATTLEMEN
08/19/2042
 
TOP OF THE 1ST
D.C. Divided batting - Pitching for Ft. Worth Cattlemen : RHP Kabeya Kasongo
Pitching: RHP Kabeya Kasongo
Batting: RHB Kimi Okubo 0-0: Ball
1-0: Called Strike
1-1: Ball
2-1: Foul Ball, location: 2F
2-2: SINGLE (Flyball, 7S, EV 92.5 MPH)
Batting: LHB Buddy Patton 0-0: Grounds into double play, 4-6-3 (Groundball, 4, EV 88.8 MPH)
Batting: RHB Martín Chávez 0-0: Ball
1-0: Ball
2-0: Foul Ball, location: 2F
2-1: Ball
3-1: Swinging Strike
3-2: Base on Balls
Batting: RHB Francisco Alhama 0-0: Ball
1-0: Ball
2-0: Fly out, F2 (Popup, 23F, EV 81.9 MPH)
Top of the 1st over - 0 runs, 1 hit, 0 errors, 1 left on base; D.C. 0 - Ft. Worth 0
BOTTOM OF THE 1ST
Ft. Worth Cattlemen batting - Pitching for D.C. Divided : RHP Eric Colquhoun
Pitching: RHP Eric Colquhoun
Batting: LHB Shawn Kyllo 0-0: Called Strike
0-1: Foul Ball, location: 2F
0-2: Fly out, F8 (Line Drive, 8RM, EV 100.0 MPH)
Batting: LHB Blake Browning 0-0: Called Strike
0-1: Swinging Strike
0-2: Strikes out swinging
Batting: LHB Semo Hoaloha 0-0: SINGLE (Line Drive, 8LS, EV 98.1 MPH)
Batting: SHB Kolby Hay 0-0: Called Strike
0-1: Called Strike
0-2: Strikes out swinging
Bottom of the 1st over - 0 runs, 1 hit, 0 errors, 1 left on base; D.C. 0 - Ft. Worth 0
TOP OF THE 2ND
D.C. Divided batting - Pitching for Ft. Worth Cattlemen : RHP Kabeya Kasongo
Batting: SHB Billy Dotson 0-0: Called Strike
0-1: Fly out, F7 (Line Drive, 7, EV 84.4 MPH)
Batting: LHB Manuel Carmona 0-0: Foul Ball, location: 2F
0-1: Ball
1-1: Fly out, F7 (Flyball, 7LS, EV 72.5 MPH)
Batting: RHB Layton Arntsen 0-0: Ball
1-0: DOUBLE (Flyball, 78XD, EV 114.4 MPH)
Batting: LHB Bill Butler 0-0: Ball
1-0: Ball
2-0: Called Strike
2-1: Ball
3-1: Foul Ball, location: 2F
3-2: Base on Balls
Batting: RHB Charles Atkinson 0-0: Ball
1-0: Swinging Strike
1-1: Ball
2-1: Ball
3-1: Ground out 1-3 (Groundball, 34S, EV 79.4 MPH)
Top of the 2nd over - 0 runs, 1 hit, 0 errors, 2 left on base; D.C. 0 - Ft. Worth 0
BOTTOM OF THE 2ND
Ft. Worth Cattlemen batting - Pitching for D.C. Divided : RHP Eric Colquhoun
Batting: RHB Tae-cho Han 0-0: Ball
1-0: Ball
2-0: Fly out, F8 (Flyball, 8LD, EV 100.6 MPH)
Batting: RHB Min-gook Ch'oe 0-0: Called Strike
0-1: Ball
1-1: Foul Ball, location: 2F
1-2: Fly out, F7 (Line Drive, 7, EV 101.2 MPH)
Batting: RHB Lonnie Doble 0-0: Swinging Strike
0-1: Called Strike
0-2: Ball
1-2: Fly out, F7 (Line Drive, 7, EV 93.1 MPH)
Bottom of the 2nd over - 0 runs, 0 hits, 0 errors, 0 left on base; D.C. 0 - Ft. Worth 0
TOP OF THE 3RD
D.C. Divided batting - Pitching for Ft. Worth Cattlemen : RHP Kabeya Kasongo
Batting: RHB Kimi Okubo 0-0: Ball
1-0: Ball
2-0: Called Strike
2-1: Foul Ball, location: 2F
2-2: Strikes out looking
Batting: LHB Buddy Patton 0-0: Ball
1-0: Called Strike
1-1: Ball
2-1: Foul Ball, location: 2F
2-2: Hit by Pitch
Batting: RHB Martín Chávez 0-0: Ball
1-0: Foul Ball, location: 2F
1-1: Hit by Pitch
Buddy Patton to second
Pinch Runner at 1st Jaako Haavisto:
Batting: RHB Francisco Alhama 0-0: Grounds out, U3 (Groundball, 3L, EV 91.9 MPH)
Buddy Patton to third
Batting: SHB Billy Dotson 0-0: Ball
1-0: Ground out U3 (Groundball, 3L, EV 87.5 MPH)
Top of the 3rd over - 0 runs, 0 hits, 0 errors, 2 left on base; D.C. 0 - Ft. Worth 0
BOTTOM OF THE 3RD
Ft. Worth Cattlemen batting - Pitching for D.C. Divided : RHP Eric Colquhoun
Now in CF: Jaako Haavisto
Batting: RHB Dennis Wacher 0-0: Fly out, F8 (Flyball, 89D, EV 82.5 MPH)
Batting: SHB Bren Spillane 0-0: SINGLE (Flyball, 9LS, EV 96.2 MPH)
Batting: LHB Shawn Kyllo 0-0: Ball
1-0: SINGLE (Line Drive, 78M, EV 98.1 MPH)
Bren Spillane to second
Batting: LHB Blake Browning 0-0: Swinging Strike
0-1: Ball
1-1: Ball
2-1: Called Strike
Bren Spillane steals 3rd base
2-2: Ball
3-2: Strikes out swinging
Batting: LHB Semo Hoaloha 0-0: Ball
1-0: Ground out U3 (Groundball, 3, EV 94.4 MPH)
Bottom of the 3rd over - 0 runs, 2 hits, 0 errors, 2 left on base; D.C. 0 - Ft. Worth 0
TOP OF THE 4TH
D.C. Divided batting - Pitching for Ft. Worth Cattlemen : RHP Kabeya Kasongo
Batting: LHB Manuel Carmona 0-0: Ball
1-0: Called Strike
1-1: Swinging Strike
1-2: Foul Ball, location: 2F
1-2: Fly out, F9 (Flyball, 9LS, EV 83.1 MPH)
Batting: RHB Layton Arntsen 0-0: Ball
1-0: Ball
2-0: Ball
3-0: Called Strike
3-1: Swinging Strike
3-2: Ground out 5-3 (Groundball, 56S, EV 80.6 MPH)
Batting: LHB Bill Butler 0-0: SINGLE (Groundball, 2L, EV 69.4 MPH) (infield hit)
Batting: RHB Charles Atkinson 0-0: Ball
1-0: SINGLE (Groundball, 3D, EV 103.1 MPH)
Bill Butler to second
Runner from 2nd tries for 3rd, SAFE, throw by RF made to third
Batting: RHB Kimi Okubo 0-0: Ball
1-0: Ground out 5-3 (Groundball, 5S, EV 71.2 MPH)
Top of the 4th over - 0 runs, 2 hits, 0 errors, 2 left on base; D.C. 0 - Ft. Worth 0
BOTTOM OF THE 4TH
Ft. Worth Cattlemen batting - Pitching for D.C. Divided : RHP Eric Colquhoun
Batting: SHB Kolby Hay 0-0: Ground out 5-3 (Groundball, 56, EV 94.4 MPH)
Batting: RHB Tae-cho Han 0-0: Ball
1-0: Called Strike
1-1: Fly out, F7 (Flyball, 7LDF, EV 112.5 MPH)
Batting: RHB Min-gook Ch'oe 0-0: Ball
1-0: Ball
2-0: Ground out 4-3 (Groundball, 34, EV 80.0 MPH)
Bottom of the 4th over - 0 runs, 0 hits, 0 errors, 0 left on base; D.C. 0 - Ft. Worth 0
TOP OF THE 5TH
D.C. Divided batting - Pitching for Ft. Worth Cattlemen : RHP Kabeya Kasongo
Batting: LHB Buddy Patton 0-0: Swinging Strike
0-1: Ground out U3 (Groundball, 3L, EV 106.2 MPH)
Batting: LHB Jaako Haavisto 0-0: Called Strike
0-1: Called Strike
0-2: TRIPLE (Groundball, 3L, EV 103.8 MPH)
Batting: RHB Francisco Alhama 0-0: Called Strike
0-1: Called Strike
0-2: Ball
1-2: Fly out, F3 (Popup, 3F, EV 63.8 MPH)
Batting: SHB Billy Dotson 0-0: 2-RUN HOME RUN (Flyball, 9D, EV 95.0 MPH), Distance : 385 ft
Batting: LHB Manuel Carmona 0-0: Fly out, F8 (Flyball, 78D, EV 101.2 MPH)
Top of the 5th over - 2 runs, 2 hits, 0 errors, 0 left on base; D.C. 2 - Ft. Worth 0
BOTTOM OF THE 5TH
Ft. Worth Cattlemen batting - Pitching for D.C. Divided : RHP Eric Colquhoun
Batting: RHB Lonnie Doble 0-0: Swinging Strike
0-1: Ground out 6-3 (Groundball, 6S, EV 80.0 MPH)
Batting: RHB Dennis Wacher 0-0: Ball
1-0: Ball
2-0: Fly out, F9 (Flyball, 89S, EV 81.9 MPH)
Batting: SHB Bren Spillane 0-0: Ball
1-0: Foul Ball, location: 2F
1-1: Swinging Strike
1-2: Strikes out looking
Bottom of the 5th over - 0 runs, 0 hits, 0 errors, 0 left on base; D.C. 2 - Ft. Worth 0
TOP OF THE 6TH
D.C. Divided batting - Pitching for Ft. Worth Cattlemen : RHP Kabeya Kasongo
Pitching: RHP WyDale Curry
Batting: RHB Layton Arntsen 0-0: Swinging Strike
0-1: Foul Ball, location: 2F
0-2: Ball
1-2: Ground out 4-3 (Groundball, 4MD, EV 94.4 MPH)
Batting: LHB Bill Butler 0-0: Ball
1-0: Fly out, F7 (Line Drive, 7, EV 91.9 MPH)
Batting: RHB Charles Atkinson 0-0: Ball
1-0: Ground out 5-3 (Groundball, 5, EV 81.9 MPH)
Top of the 6th over - 0 runs, 0 hits, 0 errors, 0 left on base; D.C. 2 - Ft. Worth 0
BOTTOM OF THE 6TH
Ft. Worth Cattlemen batting - Pitching for D.C. Divided : RHP Eric Colquhoun
Batting: LHB Shawn Kyllo 0-0: Ball
1-0: Called Strike
1-1: Called Strike
1-2: Foul Ball, location: 2F
1-2: Ground out 6-3 (Groundball, 6, EV 90.0 MPH)
Batting: LHB Blake Browning 0-0: Ball
1-0: Called Strike
1-1: DOUBLE (Line Drive, 9LD, EV 105.0 MPH)
Batting: LHB Semo Hoaloha 0-0: Called Strike
0-1: Ball
1-1: Foul Ball, location: 2F
1-2: Ball
2-2: Ball
3-2: Fly out, F8 (Flyball, 8LD, EV 78.8 MPH)
Batting: SHB Kolby Hay 0-0: Ground out 4-3 (Groundball, 4, EV 86.9 MPH)
Bottom of the 6th over - 0 runs, 1 hit, 0 errors, 1 left on base; D.C. 2 - Ft. Worth 0
TOP OF THE 7TH
D.C. Divided batting - Pitching for Ft. Worth Cattlemen : RHP WyDale Curry
Batting: RHB Kimi Okubo 0-0: Swinging Strike
0-1: Ball
1-1: Ball
2-1: Called Strike
2-2: Strikes out swinging
Batting: LHB Buddy Patton 0-0: Fly out, F8 (Flyball, 8LS, EV 86.9 MPH)
Batting: LHB Jaako Haavisto 0-0: Foul Ball, location: 2F
0-1: TRIPLE (Flyball, 89XD, EV 112.5 MPH)
Batting: RHB Francisco Alhama 0-0: Ground out 5-3 (Groundball, 56, EV 83.1 MPH)
Top of the 7th over - 0 runs, 1 hit, 0 errors, 1 left on base; D.C. 2 - Ft. Worth 0
BOTTOM OF THE 7TH
Ft. Worth Cattlemen batting - Pitching for D.C. Divided : RHP Eric Colquhoun
Batting: RHB Tae-cho Han 0-0: Called Strike
0-1: Ball
1-1: Ball
2-1: Foul Ball, location: 2F
2-2: Ball
3-2: Ground out 5-3 (Groundball, 56S, EV 84.4 MPH)
Batting: RHB Min-gook Ch'oe 0-0: Called Strike
0-1: Ball
1-1: Ball
2-1: Called Strike
2-2: Foul Ball, location: 2F
2-2: Foul Ball, location: 2F
2-2: Strikes out swinging
Batting: RHB Lonnie Doble 0-0: Ball
1-0: Ball
2-0: Ground out 4-3 (Groundball, 4, EV 88.8 MPH)
Bottom of the 7th over - 0 runs, 0 hits, 0 errors, 0 left on base; D.C. 2 - Ft. Worth 0
TOP OF THE 8TH
D.C. Divided batting - Pitching for Ft. Worth Cattlemen : RHP WyDale Curry
Batting: SHB Billy Dotson 0-0: Called Strike
0-1: Ball
1-1: Called Strike
1-2: Foul Ball, location: 2F
1-2: Strikes out swinging
Batting: LHB Manuel Carmona 0-0: Ball
1-0: Foul Ball, location: 2F
1-1: Foul Ball, location: 2F
1-2: Foul Ball, location: 2F
1-2: Fly out, F7 (Flyball, 7S, EV 84.4 MPH)
Batting: RHB Layton Arntsen 0-0: Ground out 5-3 (Groundball, 56, EV 86.9 MPH)
Top of the 8th over - 0 runs, 0 hits, 0 errors, 0 left on base; D.C. 2 - Ft. Worth 0
BOTTOM OF THE 8TH
Ft. Worth Cattlemen batting - Pitching for D.C. Divided : RHP Eric Colquhoun
Batting: RHB Dennis Wacher 0-0: Ball
1-0: Ball
2-0: Foul Ball, location: 2F
2-1: Foul Ball, location: 2F
2-2: Strikes out swinging
Batting: SHB Bren Spillane 0-0: Ball
1-0: SINGLE (Line Drive, 89M, EV 96.2 MPH)
Batting: LHB Shawn Kyllo 0-0: Ball
1-0: Ball
2-0: Ball
3-0: Base on Balls
Bren Spillane to second
Batting: LHB Blake Browning 0-0: Ball
1-0: Ball
2-0: Ball
3-0: Base on Balls
Bren Spillane to third
Shawn Kyllo to second
Batting: LHB Semo Hoaloha 0-0: Ball
1-0: Called Strike
1-1: Ball
2-1: Ball
3-1: Base on Balls
Bren Spillane scores
Shawn Kyllo to third
Blake Browning to second
Pitching: RHP José Quiñones
Batting: SHB Kolby Hay 0-0: Ball
1-0: Fly out, F8 (Flyball, 89XD, EV 88.8 MPH)
Runner from 3rd tags up, SCORES, no throw by CF
Blake Browning to third
Batting: RHB Tae-cho Han 0-0: Called Strike
0-1: Foul Ball, location: 2F
0-2: Ball
1-2: Ball
2-2: Fielders Choice at 2nd, U4 (Groundball, 4M, EV 105.0 MPH)
Bottom of the 8th over - 2 runs, 1 hit, 0 errors, 2 left on base; D.C. 2 - Ft. Worth 2
TOP OF THE 9TH
D.C. Divided batting - Pitching for Ft. Worth Cattlemen : RHP WyDale Curry
Batting: LHB Bill Butler 0-0: Called Strike
0-1: Fly out, F6 (Popup, 6, EV 71.2 MPH)
Pitching: RHP Blair Wright
Batting: RHB Charles Atkinson 0-0: Called Strike
0-1: Ball
1-1: Ball
2-1: Foul Ball, location: 2F
2-2: Strikes out swinging
Batting: RHB Kimi Okubo 0-0: Called Strike
0-1: Ball
1-1: Ball
2-1: Called Strike
2-2: Strikes out swinging
Top of the 9th over - 0 runs, 0 hits, 0 errors, 0 left on base; D.C. 2 - Ft. Worth 2
BOTTOM OF THE 9TH
Ft. Worth Cattlemen batting - Pitching for D.C. Divided : RHP José Quiñones
Pinch Hitting: LHB Jorge Alejándrez 0-0: Ball
1-0: Foul Ball, location: 2F
1-1: Ball
2-1: Called Strike
2-2: Strikes out swinging
Batting: RHB Lonnie Doble 0-0: Called Strike
0-1: Swinging Strike
0-2: Foul Ball, location: 2F
0-2: Foul Ball, location: 2F
0-2: Ball
1-2: Ball
2-2: Strikes out swinging
Batting: RHB Dennis Wacher 0-0: Ball
1-0: Called Strike
1-1: Ground out 6-3 (Groundball, 6S, EV 78.8 MPH)
Bottom of the 9th over - 0 runs, 0 hits, 0 errors, 0 left on base; D.C. 2 - Ft. Worth 2
TOP OF THE 10TH
D.C. Divided batting - Pitching for Ft. Worth Cattlemen : RHP Blair Wright
Pitching: RHP Dragutin Petrovic
Now at C: Takechi Yamashita
Batting: LHB Buddy Patton 0-0: Ball
1-0: Fly out, F8 (Line Drive, 8LD, EV 102.5 MPH)
Batting: LHB Jaako Haavisto 0-0: Called Strike
0-1: Called Strike
0-2: Ball
1-2: Ground out 6-3 (Groundball, 6, EV 83.1 MPH)
Batting: RHB Francisco Alhama 0-0: Called Strike
0-1: Ball
1-1: Foul Ball, location: 2F
1-2: Ball
2-2: Strikes out looking
Top of the 10th over - 0 runs, 0 hits, 0 errors, 0 left on base; D.C. 2 - Ft. Worth 2
BOTTOM OF THE 10TH
Ft. Worth Cattlemen batting - Pitching for D.C. Divided : RHP José Quiñones
Batting: SHB Bren Spillane 0-0: Reached on error, E5 (Groundball, 56S, EV 69.4 MPH)
Batting: LHB Shawn Kyllo 0-0: Foul Ball, location: 2F
0-1: Foul Ball, location: 2F
0-2: Ball
1-2: Ball
2-2: Ball
3-2: SINGLE (Groundball, 34, EV 86.2 MPH) (infield hit)
Bren Spillane to second
Batting: LHB Blake Browning 0-0: Swinging Strike
0-1: Ball
1-1: SINGLE (Groundball, 4MD, EV 111.2 MPH)
Bren Spillane to third
Shawn Kyllo to second
Pitching: RHP José Hernández
Batting: LHB Semo Hoaloha 0-0: Ball
1-0: Ball
2-0: SINGLE (Groundball, 6D, EV 109.4 MPH)
Bren Spillane scores
Friday, March 26th, 2021 - OOTP Baseball 20.8 Build 74